 Dungeon Crawl Stone Soup version 0.20-a0-1121-gbb42413 (webtiles) character file.

11442 Monsterracer the Severer (level 11, 0/92 HPs)
             Began as a Hill Orc Fighter on May 10, 2017.
             Was a Believer of Qazlal.
             Slain by a polar bear (13 damage)
             ... in an ice cave.
             The game lasted 00:24:59 (10718 turns).

Monsterracer the Severer (Hill Orc Fighter)        Turns: 10718, Time: 00:25:01

Health: 0/92       AC: 18    Str: 23    XL:     11   Next: 77%
Magic:  19/21      EV:  9    Int: 13    God:    Qazlal [**....]
Gold:   243        SH:  2    Dex: 10    Spells: 3/10 levels left

rFire    x . .     SeeInvis .   z - +1 battleaxe
rCold    + + +     Gourm    .   (shield currently unavailable)
rNeg     . . .     Faith    +   t - +3 chain mail
rPois    +         Spirit   .   x - +2 hat {MR+}
rElec    +         Reflect  .   n - +2 cloak
rCorr    +         Harm     .   (no gloves)
MR       +....                  (no boots)
Stlth    ..........             l - amulet of faith
Regen    0.3/turn               i - ring of ice
MPRegen  0.2/turn               J - ring of ice

@: brilliant, resistant
A: electricity resistance, MP-powered wands
a: Upheaval, Renounce Religion


You were in an ice cave.
You worshipped Qazlal.
Qazlal was pleased with you.
You were not hungry.

You visited 3 branches of the dungeon, and saw 11 of its levels.
You also visited: Labyrinth, Ossuary and Ice Cave.

You collected 414 gold pieces.
You spent 171 gold pieces at shops.

Inventory:

Hand Weapons
 a - a +1 morningstar of holy wrath
 z - a +1 battleaxe (weapon)
Armour
 g - a +0 pair of gloves
 n - a +2 cloak (worn)
 t - a +3 chain mail (worn)
 x - a +2 hat of magic resistance (worn)
Jewellery
 i - a ring of ice (left hand)
 l - an amulet of faith (around neck)
 o - an uncursed ring of fire
 J - a ring of ice (right hand)
 K - a +1 ring of slaying
Wands
 y - a wand of clouds (4/9)
 H - a wand of acid (2/15)
 L - a wand of acid (5/15)
Scrolls
 b - a scroll of blinking
 c - 4 scrolls of fear
 e - 4 scrolls of identify
 j - 2 scrolls of fog
 k - a scroll of recharging
 q - a scroll of magic mapping
 r - 8 scrolls of teleportation
 u - 2 scrolls of enchant armour
 v - 5 scrolls of remove curse
Potions
 w - a potion of mutation
 A - 3 potions of agility
 B - 5 potions of curing
 C - a potion of magic
Comestibles
 d - 3 chunks of flesh
 f - 9 bread rations
 h - 28 fruits
 p - 8 meat rations
 s - 3 royal jellies


   Skills:
 + Level 7.3 Fighting
 * Level 16.5 Axes
 + Level 7.1 Armour
 - Level 2.0 Dodging
   Level 3.2 Shields
 * Level 14.1 Invocations


You had 3 spell levels left.
You knew the following spells:

 Your Spells              Type           Power        Failure   Level  Hunger
a - Swiftness             Chrm/Air       #.......     30%         2    ###....
b - Silence               Hex/Air        #.........   98%         5    ######.


Dungeon Overview and Level Annotations

Branches:
Dungeon (9/15)             Temple (1/1) D:6            Lair (1/6) D:8
    Orc: D:9-12

Altars:
Ashenzari
Cheibriados
Dithmenos
Elyvilon
Fedhas
Gozag
Hepliaklqana
Kikubaaqudgha
Makhleb
Nemelex Xobeh
Okawaru
Qazlal
Ru
Sif Muna
Trog
Uskayaw
Vehumet
Wu Jian
Xom
Yredelemnul
Zin
The Shining One

Shops:
D:5 *?:   D:6 %   D:9 *


Innate Abilities, Weirdness & Mutations

You are resistant to electric shocks. (rElec)
You expend magic power (3 MP) to strengthen your wands.


Message History

The polar bear is heavily wounded.
The polar bear is engulfed in poison gas.
The polar bear looks as sick as possible!
The polar bear misses you. The polar bear barely misses you.
The polar bear claws you but does no damage.
Unknown command.
Your chain mail prevents you from hitting the polar bear.
The polar bear is severely wounded.
The polar bear is engulfed in poison gas.
The polar bear looks as sick as possible!
The polar bear goes berserk!
A polar bear comes into view.
Unknown command.
You hit the polar bear but do no damage.
The polar bear is severely wounded.
The yak is engulfed in poison gas.
The yak is poisoned.
The polar bear is engulfed in poison gas.
The polar bear looks as sick as possible!
The polar bear bites you!
You die...

#### ##@§##
##
##.§h§##..##
#...§§Y§...##
#.∩.§§§§..h.#
#....§§§##...
##....###
##..## ####


You could see 2 polar bears and a yak.

Vanquished Creatures
  Gastronok (D:8)
  A minotaur (Lab)
  The ghost of Apogee the Archer, a journeyman CeHu of Trog (Lair:1)
  2 two-headed ogres
  The ghost of Monsterracer the Cleaver, a novice GrFi of Qazlal (D:8)
  A manticore (D:7)
  2 rime drakes (Lair:1)
  Prince Ribbit (D:7)
  2 hippogriffs (D:7)
  7 yaks
  2 water moccasins
  3 orc warriors
  2 ice beasts (D:7)
  A black bear (D:7)
  2 ogres
  2 phantoms
  4 wolves (IceCv)
  3 centaurs
  A crocodile (Lair:1)
  A big kobold (D:8)
  2 bullfrogs
  3 scorpions
  A water moccasin skeleton (D:4)
  8 killer bees
  2 howler monkeys
  3 crimson imps
  2 bullfrog zombies (D:5)
  3 hounds
  2 orc priests (D:7)
  2 jellies
  2 quasits
  A human zombie (Ossuary)
  3 orc wizards
  2 iguanas
  A bullfrog skeleton (D:6)
  Ijyb (D:5)
  5 worker ants
  A big kobold zombie (Ossuary)
  A hound zombie (D:9)
  2 mummies (Ossuary)
  A howler monkey skeleton (D:5)
  6 adders
  2 shadow imps (D:5)
  An ooze (D:6)
  An adder zombie (Ossuary)
  A worm (D:3)
  2 dart slugs (D:2)
  10 leopard geckos
  19 orcs
  A ball python (D:4)
  12 bats
  6 giant cockroaches
  2 goblins (D:2)
  11 hobgoblins
  17 jackals
  8 kobolds
  4 quokkas
  6 frilled lizards
  2 goblin zombies (Ossuary)
  12 hobgoblin zombies (Ossuary)
  A jackal skeleton (D:6)
  3 jackal zombies (Ossuary)
  7 kobold zombies (Ossuary)
  9 orc zombies (Ossuary)
  9 rats
  A rat zombie (Ossuary)
241 creatures vanquished.

Notes
Turn   | Place    | Note
-------+----------+-------------------------------------------
     0 | D:1      | Monsterracer the Hill Orc Fighter began the quest for the Orb.
     0 | D:1      | Reached XP level 1. HP: 19/19 MP: 1/1
   154 | D:1      | Reached skill level 3 in Axes
   257 | D:1      | Reached XP level 2. HP: 26/26 MP: 2/2
   346 | D:1      | Reached skill level 4 in Axes
   589 | D:1      | Reached XP level 3. HP: 31/31 MP: 3/3
  1069 | D:2      | Reached skill level 5 in Axes
  1086 | D:2      | Found a shattered altar of Ashenzari.
  1642 | D:2      | Reached XP level 4. HP: 34/39 MP: 4/4
  1894 | D:2      | Found a radiant altar of Vehumet.
  2119 | D:3      | Reached skill level 6 in Axes
  2650 | D:4      | Got a dazzling mace
  2651 | D:4      | Identified the +1 mace of Checkmate {holy, rPois} (You found it on level 4 of the Dungeon)
  2659 | D:4      | Noticed an ogre
  2668 | D:4      | Killed an ogre
  2668 | D:4      | Reached skill level 7 in Axes
  2668 | D:4      | Reached XP level 5. HP: 37/45 MP: 5/5
  2789 | D:4      | Reached skill level 8 in Axes
  2789 | D:4      | Reached XP level 6. HP: 48/51 MP: 6/6
  3241 | D:5      | Entered Level 5 of the Dungeon
  3353 | D:5      | Reached skill level 9 in Axes
  3366 | D:5      | Found Reatwey's Assorted Antiques.
  3418 | D:5      | Bought a sapphire potion for 27 gold pieces
  3418 | D:5      | Bought an emerald potion for 27 gold pieces
  3418 | D:5      | Bought 2 fuming black potions for 55 gold pieces
  3418 | D:5      | Bought a scroll labeled MUUXAURETU for 31 gold pieces
  3418 | D:5      | Bought a scroll labeled HAKHAR MURAA for 31 gold pieces
  3422 | D:5      | Gained mutation: You expend magic power (3 MP) to strengthen your wands. [potion of mutation]
  3422 | D:5      | Gained mutation: You are resistant to electric shocks. (rElec) [potion of mutation]
  3473 | D:5      | Noticed Ijyb
  3490 | D:5      | Killed Ijyb
  3669 | D:5      | Reached XP level 7. HP: 55/58 MP: 7/7
  3679 | D:5      | Found Jogutoa's Book Shoppe.
  3714 | D:5      | Found Dueh's Magic Scroll Shop.
  3944 | D:5      | Reached skill level 14 in Axes
  3944 | D:5      | Reached XP level 8. HP: 66/66 MP: 7/16
  4349 | D:6      | Found a sand-covered staircase.
  4360 | Ossuary  | Entered an ossuary
  4436 | Ossuary  | Reached skill level 1 in Dodging
  4736 | D:6      | Found a staircase to the Ecumenical Temple.
  4751 | Temple   | Entered the Ecumenical Temple
  4770 | Temple   | Became a worshipper of Qazlal Stormbringer
  4908 | D:6      | Found Agod's Food Emporium.
  4950 | D:6      | Reached XP level 9. HP: 72/72 MP: 17/17
  5562 | D:7      | Noticed a manticore
  5575 | D:7      | HP: 1/72 [manticore/volley of spikes (8)]
  6154 | D:7      | Killed a manticore
  6154 | D:7      | Reached skill level 5 in Fighting
  6683 | D:7      | Reached skill level 5 in Armour
  6711 | D:7      | Reached * piety under Qazlal
  7085 | D:7      | Reached XP level 10. HP: 72/81 MP: 18/18
  7170 | D:7      | Noticed Prince Ribbit
  7178 | D:7      | Killed Prince Ribbit
  7178 | D:7      | Reached skill level 15 in Axes
  7891 | D:8      | Found a staircase to the Lair.
  8129 | D:8      | Noticed Monsterracer's ghost (novice GrFi)
  8158 | D:8      | Killed Monsterracer's ghost
  8861 | D:8      | Reached ** piety under Qazlal
  8864 | D:8      | Noticed Gastronok
  8897 | D:8      | Killed Gastronok
  9288 | D:9      | Reached XP level 11. HP: 91/91 MP: 20/20
  9349 | D:9      | Found Heluczu's Island Escapes.
  9434 | D:9      | Noticed a two-headed ogre
  9438 | D:9      | Killed a two-headed ogre
  9472 | D:9      | Learned a level 2 spell: Swiftness
  9900 | D:8      | Noticed a two-headed ogre
  9911 | D:8      | Killed a two-headed ogre
  9911 | D:8      | Reached skill level 16 in Axes
  9991 | Lair:1   | Entered Level 1 of the Lair of Beasts
 10051 | Lair:1   | Found a labyrinth entrance.
 10059 | Lab      | Entered a labyrinth
 10151 | Lab      | Noticed a minotaur
 10159 | Lab      | Killed a minotaur
 10261 | Lab      | Learned a level 5 spell: Silence
 10504 | Lair:1   | Noticed Apogee's ghost (journeyman CeHu)
 10518 | Lair:1   | Killed Apogee's ghost
 10524 | Lair:1   | Found a frozen archway.
 10691 | IceCv    | Entered an ice cave
 10718 | IceCv    | Slain by a polar bear

Vault maps used:
D:1:      minmay_arrival_widening_spiral_narrow, serial_curves, eino_curves_01,
          eino_curves_02, eino_curves_02
D:2:      lemuel_coloured_pillars_altar, hangedman_abyss_or_decor_stabs,
          nicolae_ashenzari_panopticon
D:4:      first_bread, kennysheep_generic_room_7
D:5:      serial_shops, nicolae_shop_window_shopping, nicolae_shop_statue_plus,
          kennysheep_mini, uniq_ijyb
D:6:      minmay_temple_entry_junction, serial_shops, kennysheep_mini_moat,
          chequers_ossuary_entry_cave, minmay_fountain_box
D:7:      uniq_prince_ribbit1
D:8:      dpeg_oklobed_lair, blue_anna_alchemist, uniq_gastronok
D:9:      nicolae_island_escapes
Temple:   grunt_wide_crystal_templ
Lair:1:   portal_ice_cave_rime, lab_entry_generic, minmay_stone_trees_large,
          minivault_26
Lab:      labyrinth_mini_lab
Ossuary:  ossuary_tomb_1
IceCv:    ice_cave_small_giant

Skill      XL: |  1  2  3  4  5  6  7  8  9 10 11 |
---------------+----------------------------------+-----
Axes           | 3 4 5 7 8 9 14 15 16 | 16.5
Fighting       | 4 5 6 7 |  7.3
Armour         | 4 5 7 |  7.1
Invocations    | 11 13 14 | 14.1
Dodging        | 1 2 |  2.0
Shields        | |  3.2

Action                   |  1- 3 |  4- 6 |  7- 9 | 10-12 || total
-------------------------+-------+-------+-------+-------++-------
Melee: War axe           |   127 |   198 |   307 |   133 ||   765
       Mace              |       |       |    34 |    54 ||    88
       Battleaxe         |       |       |       |   111 ||   111
Evoke: Wand              |       |       |       |     1 ||     1
  Use: Potion            |     2 |     6 |     6 |    12 ||    26
       Scroll            |       |    15 |     2 |     5 ||    22
  Eat: Chunk             |     2 |     7 |    10 |    10 ||    29
       Fruit             |       |       |     1 |     2 ||     3
Armor: Scale mail        |    58 |    52 |       |       ||   110
       Chain mail        |       |    54 |   179 |   161 ||   394
Dodge: Dodged            |    74 |    59 |   104 |    86 ||   323
Block: Shield            |     5 |       |       |       ||     5
       Buckler           |    32 |    41 |    64 |    47 ||   184
       Other             |       |       |       |     8 ||     8
